 Dungeon Crawl Stone Soup version 0.31-a0-925-g0a390f2509 (webtiles) character file.

Game seed: 406644388873637033

65 lunkers the Ruffian (level 4, -1/35 HPs)
             Began as a Meteoran Shapeshifter on Oct 19, 2023.
             Slain by a gnoll
             ... wielding a +0 spear
              (7 damage)
             ... on level 4 of the Dungeon.
             The game lasted 00:02:01 (1024 turns).

lunkers the Ruffian (Meteoran Shapeshifter)         Turns: 1024, Time: 00:02:02

Health: -1/35      AC:  2    Str: 16    XL:     4   Next: 62%
Magic:  5/5        EV: 12    Int: 11    God:
Gold:   74         SH:  0    Dex: 15    Spells: 3/3 levels left

rFire   . .          .
                       - Unarmed
rCold   . . .        (no shield)
rNeg    . . .        a - +0 animal skin
rPois   .            (helmet currently unavailable)
rElec   .            (cloak currently unavailable)
rCorr   .            (gloves currently unavailable)
SInv    .            (boots currently unavailable)
Will    .....        (no amulet)
Stlth   +            (no ring)
HPRegen 0.25/turn    (no ring)
MPRegen 0.09/turn

%: no passive effects
@: beast-form, glowing
A: beast (slay +2), sense surroundings 1, otherworldly, glowing, explore regen
a: Begin Untransformation


You were on level 4 of the Dungeon.
You were a hulking beast.
You visited 1 branch of the dungeon, and saw 4 of its levels.

You collected 74 gold pieces.

Inventory:

Armour
 a - a +0 animal skin (worn)
 j - a +2 pair of boots
Talismans
 c - a beast talisman (active)
 d - a flux talisman
Scrolls
 f - a scroll of fear {unknown}
 g - 2 scrolls of identify {unknown}
 h - 2 scrolls of teleportation {unknown}
 i - a scroll of vulnerability {unknown}
 k - a scroll of fog {unknown}
 m - a scroll of enchant weapon {unknown}
Potions
 b - a potion of lignification
 e - a potion of curing {unknown}
 l - a potion of heal wounds {unknown}
 n - a potion of might {unknown}
 o - a potion of brilliance {unknown}


   Skills:
 - Level 1.1 Fighting
 - Level 2.1 Dodging
 * Level 5.2 Unarmed Combat
 + Level 4.4 Shapeshifting


You had 3 spell levels left.
You didn't know any spells.
Your spell library contained the following spells:

 Spells                   Type           Power      Damage    Failure   Level
 Shock                    Conj/Air       0%         1d3       34%         1
 Swiftness                Air            0%         N/A       71%         3
 Airstrike                Air            0%         2d(0-16)  98%         4


Dungeon Overview and Level Annotations

Branches:
Dungeon (4/15) Zot: 1382
 Temple: D:4-7

Altars:


Innate Abilities, Weirdness & Mutations

You are a hulking beast.
Your limbs bulge with bestial killing power. (Slay +2)
You passively map a small area around you.
You are easily found by Zot.
You glow in the dark.
You regain HP and MP as you explore.


Message History

The kobold shouts!
A gnoll comes into view. It is wielding a +0 halberd.
Found 3 scrolls labelled HONKIOMM WIJOJ.
The gnoll shouts!
There are monsters nearby!
A hobgoblin comes into view.
Found 17 gold pieces.
The hobgoblin shouts!
The kobold hits you but does no damage.
A gnoll comes into view. It is wielding a +0 spear.
The hobgoblin moves out of view.
You see here a +0 chain mail.
You hit the kobold.
You kill the kobold!
A giant cockroach comes into view.
The gnoll attacks as it pursues you! The gnoll barely misses you.
There is a stone staircase leading up here.
The gnoll hits you with a +0 halberd!
You hit the gnoll.
The gnoll is moderately wounded.
The gnoll hits you with a +0 halberd.
* * * LOW HITPOINT WARNING * * *
You closely miss the gnoll.
The gnoll is moderately wounded.
The hobgoblin misses you.
A phantom comes into view.
The gnoll hits you with a +0 halberd.
* * * LOW HITPOINT WARNING * * *
You closely miss the gnoll.
The gnoll is moderately wounded.
The gnoll hits you from afar with a +0 spear.
* * * LOW HITPOINT WARNING * * *
The hobgoblin hits you.
* * * LOW HITPOINT WARNING * * *
The gnoll closely misses you.
You closely miss the gnoll.
The gnoll is moderately wounded.
The hobgoblin completely misses you.
The gnoll hits you from afar with a +0 spear!
You die...

######. .......,
* * ..?.... , , ,
* ......g , , * *
....... * .......
** .......######
, ##.##.)[Bgh<#,,
* , $.......gg###
, *
................
, * ,,
......$...#.##..,
, , ............#
, ...........##
,, , , ,
....W.....## ,,
..........# ***
,..........#


You could see a phantom, 2 gnolls, a giant cockroach and a hobgoblin.

Vanquished Creatures
  Jessica (D:3)
  3 dart slugs
  8 endoplasms
  6 goblins
  A hobgoblin (D:3)
  A quokka (D:1)
  3 ball pythons
  3 bats
  A frilled lizard (D:1)
  2 kobolds
  4 rats
33 creatures vanquished.

Notes
Turn   | Place    | Note
-------+----------+-------------------------------------------
     0 | D:1      | lunkers the Meteoran Shapeshifter began the quest for the
                  | Orb.
     0 | D:1      | Reached XP level 1. HP: 16/16 MP: 2/2
    19 | D:1      | Noticed a minotaur skeleton
    51 | D:1      | Reached XP level 2. HP: 23/23 MP: 3/3
    72 | D:1      | Reached skill level 4 in Unarmed Combat
   273 | D:1      | Reached XP level 3. HP: 27/28 MP: 4/4
   801 | D:3      | Noticed Jessica
   804 | D:3      | Killed Jessica
   805 | D:3      | Reached skill level 5 in Unarmed Combat
   805 | D:3      | Reached XP level 4. HP: 30/35 MP: 5/5
  1022 | D:4      | Noticed a phantom
  1024 | D:4      | Slain by a gnoll

Illustrated notes

Levels and vault maps discovered:
D:1:      shiori_arrival_whats_in_store_for_you, layout_basic,
          hellmonk_ecumenical_altar_inner_sanctum,
          hangedman_abyss_or_decor_stabs
D:2:      layout_loops_ring
D:3:      minmay_diamond_boxcup, layout_loops_ring, ebering_ghost_sewer_f,
          uniq_terence, uniq_jessica, uniq_ijyb, uniq_robin
D:4:      layout_basic, wad_floor_pattern_1, minmay_misc_feat_tower

Skill      XL: |  1  2  3 |
---------------+----------+-----
Unarmed Combat | 4 5 |  5.2
Shapeshifting  | 4 |  4.4
Fighting       | |  1.1
Dodging        | |  2.1

Action                     |  1- 3 |  4- 6 || total
---------------------------+-------+-------++-------
  Melee: Unarmed           |    66 |     7 ||    73
         Punch             |     2 |       ||     2
 Armour: Animal skin       |    17 |     8 ||    25
  Dodge: Dodged            |    41 |     5 ||    46

Table legend: (Time is in decaauts)
 A = Elapsed time spent in this place.
 B = Non-inter-level travel time spent in this place.
 C = Inter-level travel time spent in this place.
 D = Time resting spent in this place.
 E = Time spent auto-exploring this place.
 F = Levels seen in this place.
 G = Mean time per level.
                   A        B        C        D        E       F      G
               +--------+--------+--------+--------+--------+-----+--------+
         Total |   1016 |    965 |     51 |      0 |    736 |   4 |  254.0 |
       Dungeon |   1016 |    965 |     51 |      0 |    736 |   4 |  254.0 |
               +--------+--------+--------+--------+--------+-----+--------+

Top non-repeatable levels by time:
     D:2: 449 daAuts
     D:1: 308 daAuts
     D:3: 243 daAuts
     D:4: 15 daAuts
